 Dungeon Crawl Stone Soup version 0.31-a0-188-g5e087ee2ca (webtiles) character file.

Game seed: 957364183089045585

275 qw the Skirmisher (level 6, -4/35 HPs)
             Began as a Deep Elf Hunter on June 23, 2023.
             Slain by an iguana (12 damage)
             ... on level 4 of the Dungeon.
             The game lasted 00:01:01 (2351 turns).

qw the Skirmisher (Deep Elf Hunter)                 Turns: 2351, Time: 00:01:01

Health: -4/35      AC:  5    Str: 10    XL:     6   Next: 3%
Magic:  8/8        EV: 12    Int: 14    God:
Gold:   242        SH:  0    Dex: 24    Spells: 5/5 levels left

rFire   . . .        Y - +0 shortbow
rCold   + . .        (shield currently unavailable)
rNeg    . . .        d - +0 ring mail
rPois   .            (no helmet)
rElec   .            (no cloak)
rCorr   .            (no gloves)
SInv    .            (no boots)
Will    .....        (no amulet)
Stlth   ++           c - +6 ring of dexterity
HPRegen 0.25/turn    f - ring of protection from cold
MPRegen 0.11/turn

%: no passive effects
@: no status effects
A: no striking features
a: no special abilities


You were on level 4 of the Dungeon.
You visited 1 branch of the dungeon, and saw 4 of its levels.

You collected 242 gold pieces.


   Skills:
 + Level 1.9 Fighting
 - Level 9.2 Ranged Weapons
 - Level 3.2 Dodging
 - Level 1.2 Stealth


You had 5 spell levels left.
You didn't know any spells.
Your spell library was empty.

Inventory:

Hand Weapons
 Y - a +0 shortbow (weapon)
Armour
 d - a +0 ring mail (worn)
 h - a +0 cloak
Jewellery
 c - a +6 ring of dexterity (left hand)
 f - a ring of protection from cold (right hand)
Potions
 a - a potion of haste
 b - a potion of curing
 e - a potion of cancellation {unknown}
 g - a potion of resistance {unknown}
 i - 2 potions of mutation {unknown}
 j - a potion of brilliance {unknown}
 k - a potion of might {unknown}
 l - a potion of lignification {unknown}

Dungeon Overview and Level Annotations

Branches:
Dungeon (4/15)
 Temple: D:4-7

Altars:
Dithmenos
Ru


Message History

There is an open door here.
You open the door.
An iguana comes into view.
Enter note:
Enter note:
Enter note:
Enter note:
Enter note:
Enter note:
Enter note:
Enter note:
Enter note:
Enter note:
Enter note:
Enter note: You shoot an arrow.
The arrow completely misses the iguana.
A goblin comes into view. It is wielding a +0 dagger.
You shoot an arrow. The iguana hisses angrily.
The arrow hits the goblin.
You kill the goblin!
You shoot an arrow. The arrow hits the iguana.
The iguana is lightly wounded.
You shoot an arrow. The arrow hits the iguana.
The iguana is lightly wounded.
The iguana bites you!
You shoot an arrow.
The arrow hits the iguana but does no damage.
The iguana is lightly wounded.
The iguana bites you!
You shoot an arrow. The arrow hits the iguana.
The iguana is moderately wounded.
The iguana bites you.
You shoot an arrow. The arrow barely misses the iguana.
The iguana closely misses you.
You shoot an arrow.
The arrow hits the iguana but does no damage.
The iguana is moderately wounded.
The iguana bites you!
You die...

# ###### #####)##
##....##### #..@...#
.#....#...# #..#l..#
.#....'...# ##..#...#
.#....#######...#...#
.#####..........#.###
.....#..........#.#
###..#..........#.#
..#..'..........#.#
.>+..#..........#.#


You could see an iguana.

Vanquished Creatures
  A black bear (D:3)
  An orc priest (D:3)
  An orc wizard (D:3)
  A gnoll (D:1)
  4 adders
  2 worms (D:2)
  3 dart slugs
  3 orcs (D:3)
  5 endoplasms
  2 giant cockroaches
  8 goblins
  4 hobgoblins
  4 jackals (D:4)
  3 quokkas
  7 ball pythons
  4 bats (D:1)
  5 frilled lizards
  4 kobolds
  7 rats
69 creatures vanquished.

Notes
Turn   | Place    | Note
-------+----------+-------------------------------------------
     0 | D:1      | qw the Deep Elf Hunter began the quest for the Orb.
     0 | D:1      | Reached XP level 1. HP: 12/12 MP: 3/3
     0 | D:1      | 0 ||| qw: Version: 0.3-a-9-g12657ce
     0 | D:1      | 0 ||| qw: Game counter: 3414
     0 | D:1      | 0 ||| qw: Always use a shield: true
     0 | D:1      | 0 ||| qw: God list: Okawaru
     0 | D:1      | 0 ||| qw: Allow faded altars: false
     0 | D:1      | 0 ||| qw: Do Orc after D:15 true
     0 | D:1      | 0 ||| qw: Do second Lair branch before Depths: true
     0 | D:1      | 0 ||| qw: Lair rune preference: random
     0 | D:1      | 0 ||| qw: Plans: Normal
     0 | D:1      | 0 ||| PLANNING D:1-11
    28 | D:1      | Reached XP level 2. HP: 11/16 MP: 4/4
    65 | D:1      | Reached skill level 6 in Ranged Weapons
   439 | D:1      | Reached XP level 3. HP: 20/20 MP: 5/5
   521 | D:1      | 521 ||| UPGRADING to +0 ring mail.
   531 | D:1      | 531 ||| DROPPING +0 leather armour.
   532 | D:1      | 532 ||| DROPPING ring of flight.
   533 | D:1      | 533 ||| READING scroll labelled OLEMYE EROTIFA.
   534 | D:1      | 534 ||| READING scroll labelled YKEEQI ISCHI.
   535 | D:1      | 535 ||| READING scroll labelled CICSOIFESK.
   536 | D:1      | 536 ||| DRINKING 2 glowing coppery potions.
   537 | D:1      | 537 ||| DROPPING scroll of butterflies.
   539 | D:1      | 539 ||| Stepping ~*~*~tactically~*~*~ (cloud).
   817 | D:2      | 817 ||| FLEEEEING.
   820 | D:2      | Reached skill level 7 in Ranged Weapons
  1022 | D:2      | 1022 ||| DROPPING ring of magical power.
  1023 | D:2      | 1023 ||| UPGRADING to +6 ring of dexterity.
  1024 | D:2      | 1024 ||| READING scroll labelled GIGRET JISTO.
  1025 | D:2      | 1025 ||| DRINKING 2 bubbling blue potions.
  1170 | D:3      | Reached XP level 4. HP: 23/25 MP: 6/6
  1242 | D:3      | Reached skill level 8 in Ranged Weapons
  1243 | D:3      | HP: 5/25 [orc/+0 flail (6)]
  1244 | D:3      | 1244 ||| DRINKING potion of heal wounds.
  1253 | D:3      | HP: 6/25 [something (2)]
  1255 | D:3      | Reached skill level 3 in Dodging
  1350 | D:3      | Found a shadowy altar of Dithmenos.
  1365 | D:3      | Reached XP level 5. HP: 18/29 MP: 7/7
  1601 | D:3      | Noticed a black bear
  1616 | D:3      | HP: 7/29 [black bear (1)]
  1618 | D:3      | Killed a black bear
  1619 | D:3      | Reached skill level 9 in Ranged Weapons
  1949 | D:3      | Found a sacrificial altar of Ru.
  1964 | D:3      | 1964 ||| READING scroll labelled HIHITO ONOINA.
  1965 | D:3      | 1965 ||| DRINKING 2 glowing blue potions.
  1966 | D:3      | 1966 ||| DRINKING 2 sedimented yellow potions.
  1967 | D:3      | 1967 ||| DROPPING potion of attraction.
  2143 | D:4      | 2143 ||| UPGRADING to ring of protection from cold.
  2159 | D:4      | Reached XP level 6. HP: 35/35 MP: 8/8
  2349 | D:4      | HP: 7/35 [iguana (4)]
  2351 | D:4      | Slain by an iguana

Levels and vault maps discovered:
D:1:      moated_graveyard_arrival, layout_rooms, st_stairs_9,
          amcnicky_mini_rare_corridor_liquid, chequers_serial_rivers_marsh,
          minmay_stone_trees_medium
D:2:      layout_basic, kennysheep_generic_room_2
D:3:      layout_basic, mainiacjoe_overflow_big_doors,
          kennysheep_generic_room_12
D:4:      layout_gridville, tgw_sif, serial_co_window_serial,
          co_window_corner_a, co_window_paths_a, co_window_of_opportunity_a,
          co_window_corner_a, co_window_paths_b, co_window_broadway_a,
          co_window_broadway_b, co_window_of_opportunity_b, co_window_corner_cb,
          co_window_4corner_b

Skill      XL: |  1  2  3  4  5 |
---------------+----------------+-----
Ranged Weapons | 6 7 8 9 |  9.2
Dodging        | 3 |  3.2
Fighting       | |  1.9
Stealth        | |  1.2

Action                     |  1- 3 |  4- 6 || total
---------------------------+-------+-------++-------
   Fire: Shortbow          |    91 |    99 ||   190
    Use: Scroll            |     4 |     1 ||     5
         Potion            |     2 |     3 ||     5
 Armour: Leather armour    |     6 |       ||     6
         Ring mail         |     3 |    19 ||    22
  Dodge: Dodged            |    16 |    28 ||    44

Table legend:
 A = Non-vault XP
 B = Vault XP
 C = Vault XP percentage of total XP
 D = Non-vault monster count
 E = Vault monster count
 F = Vault count percentage of total count
                 A         B        C        D         E       F
            +---------+---------+-------+---------+---------+-------
      Total |     370 |      23 |   5.9 |      62 |       7 |  10.1
            +---------+---------+-------+---------+---------+-------
        D:1 |      49 |       5 |   9.3 |      21 |       4 |  16.0
        D:2 |      16 |      18 |  52.9 |       6 |       3 |  33.3
        D:3 |     277 |       0 |   0.0 |      21 |       0 |   0.0
        D:4 |      28 |       0 |   0.0 |      14 |       0 |   0.0
            +---------+---------+-------+---------+---------+-------
